 Dungeon Crawl Stone Soup version 0.30-a0-389-g8d7d949f56 (webtiles) character file.

Game seed: 4616336612410086674

112 bande the Covered (level 4, -15/29 HPs)
             Began as a Gargoyle Fighter on Dec 4, 2022.
             Demolished by an orc
             ... wielding a +1 whip of distortion
              (22 damage)
             ... on level 3 of the Dungeon.
             The game lasted 00:03:10 (1803 turns).

bande the Covered (Gargoyle Fighter)                Turns: 1803, Time: 00:03:10

Health: -15/29     AC: 12    Str: 19    XL:     4   Next: 93%
Magic:  4/4        EV:  9    Int:  9    God:
Gold:   172        SH:  4    Dex: 11    Spells: 3/3 levels left

rFire   . . .      SeeInvis .    a - +0 war axe
rCold   . . .      Faith    .    c - +0 buckler
rNeg    + . .      Spirit   .    b - +0 scale mail
rPois   ∞          Reflect  .    m - +1 helmet
rElec   +          Harm     .    (no cloak)
rCorr   .          Rampage  .    (no gloves)
Will    .....                    (no boots)
Stlth   ..........               (no amulet)
HPRegen 0.24/turn                (no ring)
MPRegen 0.09/turn                (no ring)

@: no status effects
A: sickness immunity, AC +3, negative energy resistance 1, electricity
resistance, torment resistance 1, petrification resistance
a: no special abilities


You were on level 3 of the Dungeon.
You visited 1 branch of the dungeon, and saw 3 of its levels.

You collected 172 gold pieces.

Inventory:

Hand Weapons
 a - a +0 war axe (weapon)
Missiles
 g - 6 boomerangs of dispersal (quivered)
Armour
 b - a +0 scale mail (worn)
 c - a +0 buckler (worn)
 m - a +1 helmet (worn)
Jewellery
 e - a ring of magical power
 j - a +6 ring of intelligence
Potions
 d - a potion of might
 f - a potion of flight {unknown}
 h - a potion of resistance {unknown}
 i - a potion of curing {unknown}
 k - a potion of cancellation {unknown}
 l - a potion of haste {unknown}


   Skills:
 + Level 3.8 Fighting
 + Level 3.1 Axes
 + Level 4.1 Armour
 + Level 3.9 Shields


You had 3 spell levels left.
You didn't know any spells.
Your spell library was empty.

Dungeon Overview and Level Annotations

Branches:
Dungeon (3/15)

Altars:


Innate Abilities, Weirdness & Mutations

You are immune to sickness and miasma.
Your stone body is resilient. (AC +3)
You are immune to poison.
You resist negative energy. (rN+)
You are resistant to electric shocks. (rElec)
You are resistant to unholy torment.
You are immune to petrification.


Message History

You kill the worm!
You hit the kobold. The kobold closely misses you.
The orc hits you but does no damage. The kobold hits you but does no damage.
You hit the kobold but do no damage.
The kobold is severely wounded.
You hit the orc. The kobold barely misses you.
You slash the kobold!
You kill the kobold!
You barely miss the orc. The orc hits you with a +0 hand axe.
You block the orc's attack.
You barely miss the orc.
The orc is severely wounded.
You completely miss the orc. You hit the orc.
You kill the orc!
You barely miss the orc.
You hit the orc wizard but do no damage.
You completely miss the orc. You block the orc's attack.
The orc wizard hits you with a +0 dagger.
The orc hits you but does no damage.
You blink.
The orc wizard points at you and mumbles some strange words.
The puff of flame hits you!
You are too injured to fight recklessly!
You are too injured to fight recklessly!
You are too injured to fight recklessly!
You are too injured to fight recklessly!
You are too injured to fight recklessly!
You are too injured to fight recklessly!
You are too injured to fight recklessly!
You are too injured to fight recklessly!
You are too injured to fight recklessly!
You are too injured to fight recklessly!
You are too injured to fight recklessly!
You are too injured to fight recklessly!
You are too injured to fight recklessly!
The orc hits you but does no damage. Space warps around you.
* * * LOW HITPOINT WARNING * * *
The orc hits you but does no damage. Space warps horribly around you!!
Ouch! That really hurt!
You die...

.....## #####
........##....
........##....
....#....#....
..............
####..##..####....
#..)).##..# #...| .##
###o#r###..# ##....
...###.>@o.##...####...##
#.#...#.###.†.......###
##...........#.#######
#...........##.# #
....#.)....##..# # ...
#.)....##.## #####
..##......##.# #...#
#..<......##.# #...#
##..#####.##.#######....


You could see an orc wizard, an orc and a rat.

Vanquished Creatures
  An iguana (D:2)
  3 adders
  A worm (D:3)
  A dart slug (D:2)
  An orc (D:3)
  5 bats
  5 endoplasms
  3 giant cockroaches
  5 hobgoblins
  5 jackals
  A quokka (D:1)
  3 ball pythons
  4 frilled lizards
  3 goblins
  8 kobolds
  4 rats
53 creatures vanquished.

Notes
Turn   | Place    | Note
-------+----------+-------------------------------------------
     0 | D:1      | bande the Gargoyle Fighter began the quest for the Orb.
     0 | D:1      | Reached XP level 1. HP: 14/14 MP: 1/1
    11 | D:1      | Noticed a minotaur zombie
    17 | D:1      | Noticed a demonspawn zombie
    17 | D:1      | Noticed a minotaur zombie
    21 | D:1      | Noticed a merfolk zombie
   215 | D:1      | Reached XP level 2. HP: 19/19 MP: 2/2
   793 | D:2      | Reached XP level 3. HP: 22/23 MP: 3/3
  1081 | D:2      | Reached XP level 4. HP: 29/29 MP: 4/4
  1294 | D:2      | Reached skill level 4 in Armour
  1803 | D:3      | Demolished by an orc

Illustrated notes

Levels and vault maps discovered:
D:1:      shiori_arrival_whats_in_store_for_you, layout_basic,
          serial_corexii_hall, corexii_hall_statues_t, corexii_hall_statues_u,
          corexii_hall_statues_l, corexii_hall_statues_s
D:2:      layout_basic
D:3:      layout_rooms, serial_aquarium, aquarium_bridge_straight
          [aquarium_subvault_bridge, aquarium_subvault_window,
          aquarium_subvault_bridge, aquarium_subvault_wall],
          aquarium_bridge_long_joined [aquarium_subvault_bridge,
          aquarium_subvault_bridge, aquarium_subvault_window,
          aquarium_subvault_bridge, aquarium_subvault_wall,
          aquarium_subvault_wall], aquarium_window_fake, aquarium_window_fake,
          aquarium_window_fake, aquarium_window_fake, aquarium_view_2d,
          aquarium_view_2g, aquarium_balcony_double_1, grunt_ministairs_5,
          palyth_stone_intersect, roderic_serpentine_path

Skill      XL: |  1  2  3  4 |
---------------+-------------+-----
Axes           | 2 3 |  3.1
Armour         | 4 |  4.1
Fighting       | |  3.8
Shields        | |  3.9

Action                   |  1- 3 |  4- 6 || total
-------------------------+-------+-------++-------
Melee: War axe           |   101 |    55 ||   156
  Use: Scroll            |     4 |     1 ||     5
Armor: Scale mail        |    55 |    45 ||   100
Dodge: Dodged            |    55 |    33 ||    88
Block: Buckler           |    25 |    27 ||    52

Table legend: (Time is in decaauts)
 A = Elapsed time spent in this place.
 B = Non-inter-level travel time spent in this place.
 C = Inter-level travel time spent in this place.
 D = Time resting spent in this place.
 E = Time spent auto-exploring this place.
 F = Levels seen in this place.
 G = Mean time per level.
                   A        B        C        D        E       F      G
               +--------+--------+--------+--------+--------+-----+--------+
         Total |   1869 |   1834 |     35 |    179 |   1240 |   3 |  623.0 |
       Dungeon |   1869 |   1834 |     35 |    179 |   1240 |   3 |  623.0 |
               +--------+--------+--------+--------+--------+-----+--------+

Top non-repeatable levels by time:
     D:2: 901 daAuts
     D:1: 789 daAuts
     D:3: 178 daAuts
